 Dungeon Crawl Stone Soup version 0.21.1-1-g345015f (webtiles) character file.

4 tidbits the Charmwright (level 1, -1/20 HPs)
             Began as a Gnoll Skald on June 22, 2018.
             Slain by a gnoll
             ... wielding a cursed -1 club
              (2 damage)
             ... on level 2 of the Dungeon.
             The game lasted 00:00:31 (61 turns).

tidbits the Charmwright (Gnoll Skald)                 Turns: 61, Time: 00:00:32

Health: -1/20      AC:  3    Str: 13    XL:     1   Next: 70%
Magic:  0/6        EV: 14    Int: 15    God:
Gold:   0          SH:  0    Dex: 14    Spells: 8/9 levels left

rFire    . . .     SeeInvis .   a - +0 hand axe
rCold    . . .     Gourm    .   (no shield)
rNeg     . . .     Faith    .   b - +0 leather armour
rPois    .         Spirit   .   (no helmet)
rElec    .         Reflect  .   (no cloak)
rCorr    .         Harm     .   (no gloves)
MR       .....                  (no boots)
Stlth    +.........             (no amulet)
HPRegen  0.06/turn              (no ring)
MPRegen  0.10/turn              (no ring)

@: lethally poisoned (-1 -> -25), infused
A: distributed training, fangs 1, strong nose
a: no special abilities


You were on level 2 of the Dungeon.
You were not hungry.

You visited 1 branch of the dungeon, and saw 2 of its levels.

Inventory:

Hand Weapons
 a - a +0 hand axe (weapon)
Armour
 b - a +0 leather armour (worn)
Scrolls
 e - a scroll of identify {unknown}
 f - 2 scrolls of blinking {unknown}
Books
 c - a book of Battle

   Spells                             Type                      Level
   a - Infusion                       Charms                       1
   b - Shroud of Golubria             Charms/Translocation         2
   c - Song of Slaying                Charms                       2
   d - Spectral Weapon                Hexes/Charms                 3
   e - Regeneration                   Charms/Necromancy            3
Comestibles
 d - a ration


   Skills:
 + Level 4.4 Fighting
 + Level 0.1 Short Blades
 + Level 0.1 Long Blades
 + Level 4.4 Axes
 + Level 0.1 Maces & Flails
 + Level 0.1 Polearms
 + Level 0.1 Staves
 + Level 0.1 Slings
 + Level 0.1 Bows
 + Level 0.1 Crossbows
 + Level 0.1 Throwing
 + Level 2.4 Armour
 + Level 4.4 Dodging
 + Level 0.1 Stealth
 + Level 0.1 Shields
 + Level 0.1 Unarmed Combat
 + Level 4.9 Spellcasting
 + Level 0.1 Conjurations
 + Level 0.1 Hexes
 + Level 5.3 Charms
 + Level 0.1 Summonings
 + Level 0.1 Necromancy
 + Level 0.1 Translocations
 + Level 0.1 Transmutations
 + Level 0.1 Fire Magic
 + Level 0.1 Ice Magic
 + Level 0.1 Air Magic
 + Level 0.1 Earth Magic
 + Level 0.1 Poison Magic
 + Level 0.2 Invocations
 + Level 0.1 Evocations


You had 8 spell levels left.
You knew the following spells:

 Your Spells              Type           Power        Failure   Level  Hunger
i - Infusion              Chrm           ###.         2%          1    None


Dungeon Overview and Level Annotations

Branches:
Dungeon (2/15)

Altars:
Gozag


Innate Abilities, Weirdness & Mutations

Your experience applies equally to all skills.
You have very sharp teeth.
Your uncanny sense of smell can sniff out nearby items.


Message History

Welcome, tidbits the Gnoll Skald.
Will you prevail where others failed? Will you find the Orb of Zot?
Press ? for a list of commands and other information.
Found a staircase leading out of the dungeon.
As you open the door, it creaks loudly!
There is an open door here.
You open the door.
Found a scroll labeled ALOLE VUSITA.
There is an open door here.
You see here a scroll labeled ALOLE VUSITA.
e - a scroll labeled ALOLE VUSITA You open the door.
A leopard gecko and a hobgoblin come into view.
Found 2 scrolls labeled ESUNIS OSUH.
Casting: Infusion
Confirm with . or Enter, or press ? or * to list all spells.
You begin infusing your attacks with magical energy.
Unknown command.
A goblin comes into view. It is wielding a club.
The leopard gecko hisses angrily.
The hobgoblin shouts!
The goblin shouts!
There is an open door here.
You closely miss the hobgoblin. Your bite misses the hobgoblin.
The hobgoblin misses you.
You hit the leopard gecko!
You kill the leopard gecko!
You hit the hobgoblin.
You kill the hobgoblin!
You barely miss the goblin. The goblin hits you but does no damage.
You closely miss the goblin. The goblin misses you.
You hit the goblin!
You kill the goblin!
Things that are here:
a club x2; a hobgoblin corpse
Found an escape hatch in the floor.
You see here 2 scrolls labeled ESUNIS OSUH.
f - 2 scrolls labeled ESUNIS OSUH Your magical infusion is running out.
There is an escape hatch in the floor here.
You slide downwards.
The hatch slams shut behind you. 4 gnolls come into view.
A gnoll is wielding a halberd of venom.
The gnoll shouts!
Found 25 gold pieces.
Found an opulent altar of Gozag.
Found an escape hatch in the floor.
Unknown command.
You hit the gnoll.
The gnoll is moderately wounded.
You hit the gnoll.
You are no longer magically infusing your attacks.
The gnoll closely misses you. The gnoll misses you.
Casting: Infusion
Confirm with . or Enter, or press ? or * to list all spells.
You begin infusing your attacks with magical energy.
The gnoll hits you with a spear. The gnoll barely misses you.
You hit the gnoll.
The gnoll is almost dead.
You barely miss the gnoll. You completely miss the gnoll.
The gnoll hits you with a halberd of venom.
You are poisoned.
The gnoll barely misses you. x2; The gnoll hits you with a club.
Unknown command.
You barely miss the gnoll.
The gnoll is almost dead.
You barely miss the gnoll. You hit the gnoll.
You feel sick.
The gnoll hits you with a halberd of venom.
* * * LOW HITPOINT WARNING * * *
You are more poisoned.
The gnoll hits you with a spear!
* * * LOW HITPOINT WARNING * * *
The gnoll misses you. The gnoll hits you with a club.
You die...

# .# ∆ ##. ..
###.#####
##.......#
#.gg.....# #.@#
......g..$$$..#
....#..g.$_$..#
#.# #$..#$$$.>#
# #.........# ∆
#.####.#### #.
.# .. .#


You could see 4 gnolls.

Vanquished Creatures
  A leopard gecko (D:1)
  A goblin (D:1)
  A hobgoblin (D:1)
3 creatures vanquished.

Notes
Turn   | Place    | Note
-------+----------+-------------------------------------------
     0 | D:1      | tidbits the Gnoll Skald began the quest for the Orb.
     0 | D:1      | Reached XP level 1. HP: 20/20 MP: 6/6
    57 | D:2      | Found an opulent altar of Gozag.
    61 | D:2      | HP: 1/20 [gnoll/spear (7)]
    61 | D:2      | Slain by a gnoll

Action                   || total
-------------------------++-------
Melee: Hand axe          ||     8
 Cast: Infusion          ||     2
Dodge: Dodged            ||     8

Table legend:
 A = Turns spent in this place as a percentage of turns spent in the entire game.
 B = Non-inter-level travel turns spent in this place as a percentage of non-inter-level travel turns spent in the entire game.
 C = Inter-level travel turns spent in this place as a percentage of turns spent in this place.
 D = Turns resting spent in this place as a percentage of non-inter-level travel turns spent in this place.
 E = Turns spent auto-exploring this place as a percentage of non-inter-level travel turns spent in this place.
 F = Non-inter-level travel turns spent in this place divided by the number of levels of this place that you've seen.
                   A       B       C       D       E      F
               +-------+-------+-------+-------+-------+----------------------
         Total | 100.0 | 100.0 |   0.0 |   0.0 |   0.0 |  30.5
       Dungeon | 100.0 | 100.0 |   0.0 |   0.0 |   0.0 |  30.5
               +-------+-------+-------+-------+-------+----------------------

Table legend:
 A = Kills in this place as a percentage of kills in entire the game.
 B = Kills by you in this place as a percentage of kills by you in the entire game.
 C = Kills by friends in this place as a percentage of kills by friends in the entire game.
 D = Other kills in this place as a percentage of other kills in the entire game.
 E = Experience gained in this place as a percentage of experience gained in the entire game.
 F = Experience gained in this place divided by the number of levels of this place that you have seen.
                   A       B       C       D       E      F
               +-------+-------+-------+-------+-------+----------------------
         Total | 100.0 | 100.0 |   N/A |   N/A | 100.0 |   3.5
       Dungeon | 100.0 | 100.0 |   N/A |   N/A | 100.0 |   3.5
               +-------+-------+-------+-------+-------+----------------------

Vault maps used:
D:1:      evilmike_arrival_rings, minmay_quantized
D:2:      yredelemnul_forgotten_temple_becter, first_ration, grunt_ministairs_3,
          nicolae_gozag_seed_capital, uniq_crazy_yiuf_cottage, uniq_jessica
